 Dungeon Crawl Stone Soup version 0.22-a0-553-g9358b0b (webtiles) character file.

49 chorionicmirror the Shield-Bearer (level 4, 0/35 HPs)
             Began as a Formicid Fighter on June 25, 2018.
             Succumbed to a water moccasin's poison
             ... on level 3 of the Dungeon.
             The game lasted 00:04:14 (958 turns).

chorionicmirror the Shield-Bearer (Formicid Fighter) Turns: 958, Time: 00:04:15

Health: 0/35       AC:  8    Str: 25    XL:     4   Next: 2%
Magic:  4/4        EV:  8    Int:  8    God:
Gold:   36         SH: 10    Dex: 11    Spells: 3/3 levels left

rFire    + . .     SeeInvis +   a - +0 long sword
rCold    + . .     Gourm    .   c - +0 shield
rNeg     . . .     Faith    .   n - +0 scale mail
rPois    .         Spirit   .   (helmet unavailable)
rElec    .         Reflect  .   i - scarf {rC+ rF+}
rCorr    +         Harm     .   (no gloves)
MR       .....                  m - +0 pair of boots
Stlth    ..........             (no amulet)
HPRegen  0.11/turn              h - ring of resist corrosion
MPRegen  0.09/turn              (no ring)

@: mighty, lethally poisoned (0 -> -9)
A: permanent stasis, dig shafts and tunnels, four strong arms, antennae 3
a: Dig, Shaft Self


You were on level 3 of the Dungeon.
You were hungry.

You visited 1 branch of the dungeon, and saw 3 of its levels.

You collected 36 gold pieces.

Inventory:

Hand Weapons
 a - a +0 long sword (weapon)
 b - a +0 hunting sling
Missiles
 o - 9 sling bullets
Armour
 c - a +0 shield (worn)
 i - a scarf of resistance (worn)
 m - a +0 pair of boots (worn)
 n - a +0 scale mail (worn)
Jewellery
 h - a ring of resist corrosion (left hand)
Scrolls
 e - a scroll of amnesia
 j - 2 scrolls of identify {unknown}
 k - a scroll of immolation {unknown}
 l - 2 scrolls of teleportation {unknown}
Comestibles
 f - 5 rations
 g - 2 chunks of flesh


   Skills:
 - Level 3.2 Fighting
 - Level 2.0 Long Blades
 - Level 3.2 Armour
 + Level 5.6 Shields


You had 3 spell levels left.
You didn't know any spells.
Your spell library was empty.

Dungeon Overview and Level Annotations

Branches:
Dungeon (2/15)

Altars:


Innate Abilities, Weirdness & Mutations

You cannot be hasted, slowed, berserked, paralysed or teleported.
You can dig through walls and to a lower floor.
Your four strong arms can wield two-handed weapons with a shield.
You have a pair of large antennae on your head. (SInv)


Message History

* * * LOW HITPOINT WARNING * * *
You feel sick.
Found 18 gold pieces.
* * * LOW HITPOINT WARNING * * *
You feel sick.
* * * LOW HITPOINT WARNING * * *
You feel sick.
* * * LOW HITPOINT WARNING * * *
You feel sick.
* * * LOW HITPOINT WARNING * * *
You feel sick.
Found a stone staircase leading down.
* * * LOW HITPOINT WARNING * * *
You feel sick.
You see here 18 gold pieces.
You feel very mighty all of a sudden.
As you read the scroll labeled OTTA NAMUJYA, it crumbles to dust.
It is a scroll of amnesia.
You feel forgetful for a moment.
You die...

.
######....
#.@...>...
#.####....
#.# . #.#
#.# #.#
#.# #.#
#+#


There were no monsters in sight!

Vanquished Creatures
  An adder (D:2)
  A dart slug (D:1)
  A leopard gecko (D:1)
  11 goblins
  2 hobgoblins (D:2)
  4 jackals (D:1)
  5 kobolds (D:1)
  2 ball pythons (D:1)
  2 bats (D:1)
  A frilled lizard (D:1)
  4 rats
34 creatures vanquished.

Notes
Turn   | Place    | Note
-------+----------+-------------------------------------------
     0 | D:1      | chorionicmirror the Formicid Fighter began the quest for the Orb.
     0 | D:1      | Reached XP level 1. HP: 18/18 MP: 1/1
    43 | D:1      | Reached skill level 4 in Shields
    71 | D:1      | Reached XP level 2. HP: 22/24 MP: 2/2
   311 | D:1      | Reached XP level 3. HP: 28/29 MP: 3/3
   368 | D:1      | Reached skill level 5 in Shields
   926 | D:2      | Reached XP level 4. HP: 35/35 MP: 4/4
   933 | D:2      | Noticed a water moccasin
   951 | D:2      | You fall through a shaft!
   956 | D:3      | HP: 1/35 [poisoned by a water moccasin]
   958 | D:3      | Succumbed to a water moccasin's poison

Vault maps used:
D:1:      grunt_arrival_crossed_arrows
D:2:      marbit_many_paths

Skill      XL: |  1  2  3 |
---------------+----------+-----
Shields        | 4 5 |  5.6
Fighting       | |  3.2
Long Blades    | |  2.0
Armour         | |  3.2

Action                   |  1- 3 |  4- 6 || total
-------------------------+-------+-------++-------
Melee: Long sword        |   114 |    10 ||   124
 Fire: Hunting sling     |     3 |     3 ||     6
 Abil: Shaft Self        |       |     1 ||     1
  Use: Scroll            |       |     1 ||     1
       Potion            |       |     1 ||     1
Armor: Scale mail        |    46 |     3 ||    49
Dodge: Dodged            |    37 |     3 ||    40
Block: Shield            |    80 |    10 ||    90
       Rpst.: Long sword |    14 |     1 ||    15

Table legend:
 A = Spawn XP
 B = Non-spawn XP
 C = Spawn XP percentage of total XP
 D = Spawn monster count
 E = Non-spawn monster count
 F = Spawn count percentage of total count
 G = Total turns spent on level
                    A         B        C        D         E        F      G
               +---------+---------+-------+---------+---------+-------+---------
         Total |       0 |      71 |   0.0 |       0 |      34 |   0.0 |   958
               +---------+---------+-------+---------+---------+-------+---------
           D:1 |       0 |      45 |   0.0 |       0 |      26 |   0.0 |   650
           D:2 |       0 |      26 |   0.0 |       0 |       8 |   0.0 |   301
               +---------+---------+-------+---------+---------+-------+---------
